 Dungeon Crawl Stone Soup version 0.17-a0-764-gd40c196 (webtiles) character file.

203 panicbit the Conjurer (level 5, -1/39 HPs)
             Began as a Draconian Conjurer on Apr 24, 2015.
             Killed from afar by an orc wizard (7 damage)
             ... with a puff of frost
             ... on level 4 of the Dungeon.
             The game lasted 00:27:54 (3884 turns).

panicbit the Conjurer (Draconian Conjurer)          Turns: 3884, Time: 00:27:54

Health: -1/39      AC:  6    Str: 11    XL:     5   Next: 51%
Magic:  2/9        EV: 13    Int: 16    God:
Gold:   157        SH:  0    Dex: 11    Spells: 2 memorised, 7 levels left

rFire  . . .     SeeInvis .     w - +0 flail
rCold  . . .     Clarity  .     (armour unavailable)
rNeg   . . .     SustAb   .     (no shield)
rPois  .         Gourm    .     (helmet restricted)
rElec  .         Spirit   .     m - +0 cloak (curse)
rCorr  .         Warding  .     (no gloves)
rMut   .         Stasis   .     (no boots)
MR     +....                    (no amulet)
Stlth  ++........               (no ring)
                                d - ring of protection from magic

@: somewhat resistant to hostile enchantments, unstealthy
A: unfitting armour, cold-blooded, AC +5
a: no special abilities


You were on level 4 of the Dungeon.
You were not hungry.

You visited 1 branch of the dungeon, and saw 4 of its levels.

You collected 157 gold pieces.

Inventory:

Hand weapons
 w - a +0 flail (weapon)
Armour
 m - a cursed +0 cloak (worn)
 u - a +0 shield
Jewellery
 d - a ring of protection from magic (left hand)
Scrolls
 e - 3 scrolls of identify {unknown}
 k - 2 scrolls of random uselessness {unknown}
 l - 2 scrolls of recharging {unknown}
 n - 4 scrolls of teleportation {unknown}
 p - a scroll of fog {unknown}
 r - 2 scrolls of fear {unknown}
 t - 2 scrolls of remove curse {unknown}
 x - a scroll of blinking {unknown}
 y - 2 scrolls of enchant armour {unknown}
Potions
 f - 2 potions of restore abilities
 g - a potion of flight {unknown}
 h - a potion of haste {unknown}
 j - a potion of beneficial mutation {unknown}
 q - 2 potions of mutation {unknown}
 s - 2 potions of invisibility {unknown}
 v - a potion of curing {unknown}
 z - a potion of might {unknown}
Books
 a - a book of Conjurations

   Spells                             Type                      Level
   a - Magic Dart                     Conjuration                  1
   b - Searing Ray                    Conjuration                  2
   c - Dazzling Spray                 Conjuration/Hexes            3
   d - Fulminant Prism                Conjuration/Hexes            4
   e - Iskenderun's Mystic Blast      Conjuration                  4
   f - Iskenderun's Battlesphere      Conjuration/Charms           5
Comestibles
 b - a bread ration
 c - 4 meat rations
 i - 5 fruits
 o - 7 chunks of flesh


   Skills:
 + Level 0.7 Fighting
 + Level 0.2 Maces & Flails
 + Level 3.1 Dodging
 + Level 2.2 Stealth
 + Level 0.4 Unarmed Combat
 + Level 3.2 Spellcasting
 + Level 5.1 Conjurations


You had 7 spell levels left.
You knew the following spells:

 Your Spells              Type           Power        Failure   Level  Hunger
a - Magic Dart            Conj           ###.         2%          1    None
b - Searing Ray           Conj           ###...       4%          2    ##.....


Dungeon Overview and Level Annotations

Branches:
Dungeon (4/15)
 Temple: D:4-7

Altars:
Cheibriados
Elyvilon
Fedhas


Innate Abilities, Weirdness & Mutations

Your plain brown scales are hard (AC +5).
Your body does not fit into most forms of armour.
You are cold-blooded and may be slowed by cold attacks.


Message History

You barely miss the orc wizard.
The orc wizard is heavily wounded.
The orc wizard hits you with a dagger. The orc wizard barely misses you.
The orc wizard casts a spell at you. The puff of flame hits you!
* * * LOW HITPOINT WARNING * * *
The orc wizard hits you but does no damage.
The orc wizard hits you with a dagger.
* * * LOW HITPOINT WARNING * * *
Drink which item? (? for menu, Esc to quit)
Okay, then.
The orc wizard hits you but does no damage.
The orc wizard casts a spell at you. The magic dart hits you!
The orc wizard misses you. The orc wizard casts a spell at you.
The puff of flame hits you!
The orc wizard points at you and mumbles some strange words.
The puff of frost hits you!
You die...

#.# #o# #># #o#
#########.# #.#
########.........###o#
......##.########.o..#
#####>##.# #.####
#.##.# #o# #.##.#
##.## #.##.# ##@..##
#.##.######.....##
#.##.............#
#.#########.<...## #.#
##....# #(# ##.#.# #.#
#.#.# #.# #####.#.##
###.#######........#


You could see an orc wizard and an orc.

Vanquished Creatures
  An orc priest (D:4)
  4 gnolls (D:3)
  3 adders
  An ooze (D:1)
  2 worms (D:3)
  5 giant geckos
  3 orcs (D:3)
  4 giant cockroaches
  13 goblins
  9 hobgoblins
  2 jackals (D:1)
  15 kobolds
  3 quokkas
  2 ball pythons
  10 bats
  2 giant newts
  8 rats
87 creatures vanquished.

Notes
Turn   | Place    | Note
--------------------------------------------------------------
     0 | D:1      | panicbit, the Draconian Conjurer, began the quest for the Orb.
     0 | D:1      | Reached XP level 1. HP: 14/14 MP: 3/3
   356 | D:1      | Reached XP level 2. HP: 11/20 MP: 5/5
   624 | D:2      | Found a snail-covered altar of Cheibriados.
   846 | D:1      | Reached XP level 3. HP: 24/26 MP: 2/6
  1816 | D:2      | Found a white marble altar of Elyvilon.
  2044 | D:2      | Reached XP level 4. HP: 26/34 MP: 7/7
  2338 | D:1      | HP: 1/34 [giant gecko (1)]
  2790 | D:3      | Found a blossoming altar of Fedhas.
  3340 | D:3      | Reached XP level 5. HP: 16/39 MP: 4/9
  3672 | D:3      | Learned a level 2 spell: Searing Ray
  3818 | D:4      | Reached skill level 5 in Conjurations
  3884 | D:4      | Killed from afar by an orc wizard

Action                   |  1- 3 |  4- 6 || total
-------------------------+-------+-------++-------
Melee: Unarmed           |   126 |    24 ||   150
       Flail             |       |    36 ||    36
 Cast: Magic Dart        |    72 |    77 ||   149
       Searing Ray       |       |     3 ||     3
  Use: Potion            |       |     3 ||     3
  Eat: Chunk             |     5 |     3 ||     8
       Fruit             |       |     5 ||     5
       Pizza             |       |     1 ||     1
